AoeStats
← HUGO QPA

Arabia

510258108Analyzed
1v1 RM · 20h ago on Sep 30, 2026· 28m 33s· 2 players
Game mode
Random Map
Map size
Tiny (2 player)
Population
200
Speed
Normal
Resources
Standard
Victory
Conquest
Starting age
Dark Age
Ending age
Imperial Age
RankedLock teamsTeams togetherTeam positionsShared explorationLock speedFull tech treeHidden civsTurbo modeCheats
Victory
Defeat
🇨🇱 Mongols · Chile
914
+17
🇦🇷 Persians · Argentina
925
-17
你媽媽吞下了它
6:13 Loom
8:58 Feudal Age
9:56 Double-Bit Axe
10:55 Horse Collar
24:25 Castle Age
25:26 Fletching
27:10 Bodkin Arrow
HUGO QPA
1:42 Loom
2:11 Loom
2:34 Loom
10:36 Feudal Age
11:06 Town Watch
14:25 Fletching
28:20 Castle Age
26:36 Horse Collar
27:08 Double-Bit Axe
Connection lost

Rejoining the realm…

Still unreachable

The connection could not be restored.

Session expired

The server has moved on; the page needs a fresh start.